3L
QUEBEC CITY LES BLEUS @ HOUSTON 1837 BBC
09/23/2034
 
TOP OF THE 1ST
Quebec City Les Bleus batting - Pitching for Houston 1837 BBC : RHP Darweshi Hadiya
Pitching: RHP Darweshi Hadiya
Batting: LHB Jeff Simpson 0-0: Ball
1-0: Ball
2-0: Ball
3-0: Called Strike
3-1: Ground out 4-3 (Groundball, 4)
Batting: LHB Scott Janousek 0-0: Ball
1-0: Ball
2-0: Foul Ball, location: 2F
2-1: Swinging Strike
2-2: Ball
3-2: Fly out, F8 (Flyball, 8LD)
Batting: LHB Palaie Gaoteote 0-0: Ball
1-0: Reached on error, E2 (Popup, 13S)
Batting: RHB Jack Bonner 0-0: Ball
1-0: Ball
2-0: Called Strike
2-1: Called Strike
2-2: Strikes out swinging
Top of the 1st over - 0 runs, 0 hits, 1 error, 1 left on base; Quebec City 0 - Houston 0
BOTTOM OF THE 1ST
Houston 1837 BBC batting - Pitching for Quebec City Les Bleus : RHP Woo-suk Cho
Pitching: RHP Woo-suk Cho
Batting: LHB Kai-ge Choe 0-0: Swinging Strike
0-1: Ball
1-1: Fly out, F8 (Flyball, 8RM)
Batting: RHB Joey Trifone 0-0: Ball
1-0: SOLO HOME RUN (Flyball, 78XD), Distance : 437 ft
Batting: RHB Jon Osterman 0-0: Ball
1-0: Ball
2-0: Ball
3-0: Base on Balls
Batting: LHB Scott Kerin 0-0: Ball
1-0: Ball
2-0: Foul Ball, location: 2F
2-1: Ball
3-1: Base on Balls
Jon Osterman to second
Batting: RHB Komotay Koffie 0-0: Ball
1-0: Swinging Strike
1-1: DOUBLE (Line Drive, 7LM)
Jon Osterman scores
Scott Kerin to third
Batting: LHB Mike Houston 0-0: Ball
1-0: Ground out 4-3 (Groundball, 4)
Scott Kerin scores
Komotay Koffie to third
Batting: RHB Phil Sherman 0-0: Ball
1-0: Called Strike
1-1: Ball
2-1: 2-RUN HOME RUN (Flyball, 7LD), Distance : 359 ft
Batting: RHB Eugene Bennett 0-0: Ball
1-0: Foul Ball, location: 2F
1-1: Swinging Strike
1-2: Ball
2-2: Strikes out swinging
Bottom of the 1st over - 5 runs, 3 hits, 0 errors, 0 left on base; Quebec City 0 - Houston 5
TOP OF THE 2ND
Quebec City Les Bleus batting - Pitching for Houston 1837 BBC : RHP Darweshi Hadiya
Batting: SHB Stan St. John 0-0: Ball
1-0: Ball
2-0: Called Strike
2-1: Ball
3-1: Called Strike
3-2: Fly out, F9 (Flyball, 9S)
Batting: RHB Cam MacIntosh 0-0: Foul Ball, location: 2F
0-1: Ball
1-1: Ball
2-1: Called Strike
2-2: Foul Ball, location: 2F
2-2: Ball
3-2: Base on Balls
Batting: RHB Tevin McTevin 0-0: Ball
1-0: Foul Ball, location: 2F
1-1: Foul Ball, location: 2F
1-2: Ball
2-2: Ball
3-2: TRIPLE (Flyball, 9D)
Cam MacIntosh scores
Batting: RHB Reg Spiers 0-0: Ball
1-0: Swinging Strike
1-1: Ball
2-1: Foul Ball, location: 2F
2-2: Foul Ball, location: 2F
2-2: Strikes out looking
Batting: RHB Stan Pagnotta 0-0: Called Strike
0-1: Ball
1-1: Foul Ball, location: 2F
1-2: Foul Ball, location: 2F
1-2: Fly out, F8 (Flyball, 8RS)
Top of the 2nd over - 1 run, 1 hit, 0 errors, 1 left on base; Quebec City 1 - Houston 5
BOTTOM OF THE 2ND
Houston 1837 BBC batting - Pitching for Quebec City Les Bleus : RHP Woo-suk Cho
Batting: RHB Juan Chávez 0-0: Ball
1-0: Ground out 6-3 (Groundball, 6)
Batting: LHB Kai-ge Choe 0-0: Fly out, F8 (Flyball, 8RD)
Batting: RHB Joey Trifone 0-0: Called Strike
0-1: Called Strike
0-2: Foul Ball, location: 2F
0-2: SOLO HOME RUN (Flyball, 7D), Distance : 402 ft
Batting: RHB Jon Osterman 0-0: Called Strike
0-1: Called Strike
0-2: Ball
1-2: Strikes out looking
Bottom of the 2nd over - 1 run, 1 hit, 0 errors, 0 left on base; Quebec City 1 - Houston 6
TOP OF THE 3RD
Quebec City Les Bleus batting - Pitching for Houston 1837 BBC : RHP Darweshi Hadiya
Batting: LHB Jeff Simpson 0-0: Ball
1-0: Ball
2-0: SINGLE (Flyball, 78S)
Batting: LHB Scott Janousek 0-0: Called Strike
0-1: Swinging Strike
0-2: Strikes out looking
Batting: LHB Palaie Gaoteote 0-0: Foul Ball, location: 2F
0-1: Fielders Choice at 2nd, 3-6 (Groundball, 3)
Batting: RHB Jack Bonner 0-0: Fielders Choice at 2nd, 5-4 (Groundball, 56)
Top of the 3rd over - 0 runs, 1 hit, 0 errors, 1 left on base; Quebec City 1 - Houston 6
BOTTOM OF THE 3RD
Houston 1837 BBC batting - Pitching for Quebec City Les Bleus : RHP Woo-suk Cho
Batting: LHB Scott Kerin 0-0: Ball
1-0: Ball
2-0: Foul Ball, location: 2F
2-1: Ball
3-1: Fly out, F9 (Flyball, 9LSF)
Batting: RHB Komotay Koffie 0-0: SOLO HOME RUN (Flyball, 7LD), Distance : 367 ft
Batting: LHB Mike Houston 0-0: Ball
1-0: Called Strike
1-1: Foul Ball, location: 2F
1-2: Ball
2-2: Foul Ball, location: 2F
2-2: Ball
3-2: Ground out 5-3 (Groundball, 5)
Batting: RHB Phil Sherman 0-0: Ball
1-0: Ball
2-0: Foul Ball, location: 2F
2-1: Fly out, F7 (Flyball, 7S)
Bottom of the 3rd over - 1 run, 1 hit, 0 errors, 0 left on base; Quebec City 1 - Houston 7
TOP OF THE 4TH
Quebec City Les Bleus batting - Pitching for Houston 1837 BBC : RHP Darweshi Hadiya
Batting: SHB Stan St. John 0-0: Ball
1-0: Foul Ball, location: 2F
1-1: Fly out, F5 (Popup, 56)
Batting: RHB Cam MacIntosh 0-0: Ball
1-0: Foul Ball, location: 2F
1-1: Ground out 6-3 (Groundball, 6)
Batting: RHB Tevin McTevin 0-0: Called Strike
0-1: Ball
1-1: Foul Ball, location: 2F
1-2: Foul Ball, location: 2F
1-2: Ball
2-2: Foul Ball, location: 2F
2-2: SINGLE (Line Drive, 34)
Batting: RHB Reg Spiers 0-0: Ball
1-0: Called Strike
1-1: Ball
2-1: Called Strike
2-2: Ball
3-2: Foul Ball, location: 2F
3-2: Fly out, F9 (Flyball, 9LDF)
Top of the 4th over - 0 runs, 1 hit, 0 errors, 1 left on base; Quebec City 1 - Houston 7
BOTTOM OF THE 4TH
Houston 1837 BBC batting - Pitching for Quebec City Les Bleus : RHP Woo-suk Cho
Batting: RHB Eugene Bennett 0-0: Foul Ball, location: 2F
0-1: Swinging Strike
0-2: Ball
1-2: Ball
2-2: Foul Ball, location: 2F
2-2: Fly out, F9 (Flyball, 9S)
Batting: RHB Juan Chávez 0-0: Called Strike
0-1: Ball
1-1: Ball
2-1: Swinging Strike
2-2: Ball
3-2: DOUBLE (Groundball, 5L)
Pitching: LHP Urs Ehles
Batting: LHB Kai-ge Choe 0-0: Ball
1-0: Ball
2-0: Foul Ball, location: 2F
2-1: Fly out, F7 (Flyball, 7LD)
Batting: RHB Joey Trifone 0-0: Ball
1-0: Foul Ball, location: 2F
1-1: Foul Ball, location: 2F
1-2: Ball
2-2: Ball
3-2: Base on Balls
Batting: RHB Jon Osterman 0-0: Ball
1-0: Ground out 5-3 (Groundball, 56S)
Bottom of the 4th over - 0 runs, 1 hit, 0 errors, 2 left on base; Quebec City 1 - Houston 7
TOP OF THE 5TH
Quebec City Les Bleus batting - Pitching for Houston 1837 BBC : RHP Darweshi Hadiya
Batting: RHB Stan Pagnotta 0-0: Foul Ball, location: 2F
0-1: Called Strike
0-2: Foul Ball, location: 2F
0-2: Ball
1-2: Strikes out swinging
Batting: LHB Jeff Simpson 0-0: Ball
1-0: SINGLE (Line Drive, 4D)
Batting: LHB Scott Janousek 0-0: Ball
1-0: Called Strike
1-1: Ball
2-1: Fly out, F7 (Flyball, 7)
Batting: LHB Palaie Gaoteote 0-0: Ball
1-0: Swinging Strike
1-1: Called Strike
1-2: Ball
2-2: Ball
3-2: Base on Balls
Jeff Simpson to second
Pitching: LHP Javier Desdin
Batting: RHB Jack Bonner 0-0: Ground out U3 (Groundball, 34)
Top of the 5th over - 0 runs, 1 hit, 0 errors, 2 left on base; Quebec City 1 - Houston 7
BOTTOM OF THE 5TH
Houston 1837 BBC batting - Pitching for Quebec City Les Bleus : LHP Urs Ehles
Batting: LHB Scott Kerin 0-0: Called Strike
0-1: Ball
1-1: Swinging Strike
1-2: Ball
2-2: Strikes out looking
Batting: RHB Komotay Koffie 0-0: Called Strike
0-1: Ball
1-1: Ball
2-1: Foul Ball, location: 2F
2-2: Ground out 6-3 (Groundball, 6)
Batting: LHB Mike Houston 0-0: Ball
1-0: Foul Ball, location: 2F
1-1: Swinging Strike
1-2: Strikes out looking
Bottom of the 5th over - 0 runs, 0 hits, 0 errors, 0 left on base; Quebec City 1 - Houston 7
TOP OF THE 6TH
Quebec City Les Bleus batting - Pitching for Houston 1837 BBC : LHP Javier Desdin
Batting: SHB Stan St. John 0-0: Called Strike
0-1: Foul Ball, location: 2F
0-2: Foul Ball, location: 2F
0-2: Ball
1-2: Fly out, F7 (Line Drive, 78D)
Batting: RHB Cam MacIntosh 0-0: Ground out 4-3 (Groundball, 34)
Batting: RHB Tevin McTevin 0-0: Ball
1-0: Called Strike
1-1: Foul Ball, location: 2F
1-2: Ball
2-2: Strikes out swinging
Top of the 6th over - 0 runs, 0 hits, 0 errors, 0 left on base; Quebec City 1 - Houston 7
BOTTOM OF THE 6TH
Houston 1837 BBC batting - Pitching for Quebec City Les Bleus : LHP Urs Ehles
Batting: RHB Phil Sherman 0-0: Ball
1-0: Ball
2-0: Fly out, F9 (Flyball, 9D)
Batting: RHB Eugene Bennett 0-0: Foul Ball, location: 2F
0-1: Ground out 5-3 (Groundball, 56)
Batting: RHB Juan Chávez 0-0: Foul Ball, location: 2F
0-1: Fly out, F9 (Flyball, 89D)
Bottom of the 6th over - 0 runs, 0 hits, 0 errors, 0 left on base; Quebec City 1 - Houston 7
TOP OF THE 7TH
Quebec City Les Bleus batting - Pitching for Houston 1837 BBC : LHP Javier Desdin
Batting: RHB Reg Spiers 0-0: Swinging Strike
0-1: Called Strike
0-2: Strikes out swinging
Batting: RHB Stan Pagnotta 0-0: Ball
1-0: Foul Ball, location: 2F
1-1: Swinging Strike
1-2: Foul Ball, location: 2F
1-2: Strikes out swinging
Batting: LHB Jeff Simpson 0-0: Called Strike
0-1: Foul Ball, location: 2F
0-2: Foul Ball, location: 2F
0-2: Foul Ball, location: 2F
0-2: Foul Ball, location: 2F
0-2: SINGLE (Groundball, 4MD)
Batting: LHB Scott Janousek 0-0: Foul Ball, location: 2F
0-1: Ball
1-1: Fly out, F7 (Flyball, 7S)
Top of the 7th over - 0 runs, 1 hit, 0 errors, 1 left on base; Quebec City 1 - Houston 7
BOTTOM OF THE 7TH
Houston 1837 BBC batting - Pitching for Quebec City Les Bleus : LHP Urs Ehles
Batting: LHB Kai-ge Choe 0-0: Foul Ball, location: 2F
0-1: Ball
1-1: SINGLE (Line Drive, 9S)
Batting: RHB Joey Trifone 0-0: Called Strike
0-1: Ball
1-1: Called Strike
1-2: Fielders Choice at 2nd, 5-4 (Groundball, 56)
Batting: RHB Jon Osterman 0-0: Swinging Strike
0-1: Foul Ball, location: 2F
0-2: Ball
1-2: Ground out 5-3 (Groundball, 56S)
Joey Trifone to second
Batting: LHB Scott Kerin 0-0: Called Strike
0-1: Foul Ball, location: 2F
0-2: Ball
1-2: Strikes out looking
Bottom of the 7th over - 0 runs, 1 hit, 0 errors, 1 left on base; Quebec City 1 - Houston 7
TOP OF THE 8TH
Quebec City Les Bleus batting - Pitching for Houston 1837 BBC : LHP Javier Desdin
Batting: LHB Palaie Gaoteote 0-0: Called Strike
0-1: Ball
1-1: SINGLE (Groundball, 4MD)
Pitching: RHP Martín Valverde
Batting: RHB Jack Bonner 0-0: Foul Ball, location: 2F
0-1: Ball
1-1: Foul Ball, location: 2F
1-2: Strikes out looking
Batting: SHB Stan St. John 0-0: Ball
1-0: Swinging Strike
1-1: Called Strike
1-2: Ball
2-2: Strikes out swinging
Batting: RHB Cam MacIntosh 0-0: Fielders Choice at 2nd, 6-4 (Groundball, 6)
Top of the 8th over - 0 runs, 1 hit, 0 errors, 1 left on base; Quebec City 1 - Houston 7
BOTTOM OF THE 8TH
Houston 1837 BBC batting - Pitching for Quebec City Les Bleus : LHP Urs Ehles
Batting: RHB Komotay Koffie 0-0: Ball
1-0: Foul Ball, location: 2F
1-1: Called Strike
1-2: Foul Ball, location: 2F
1-2: Fly out, F8 (Flyball, 8LD)
Batting: LHB Mike Houston 0-0: Ball
1-0: Ball
2-0: Called Strike
2-1: DOUBLE (Line Drive, 78D)
Batting: RHB Phil Sherman 0-0: Ball
Mike Houston steals 3rd base
1-0: Ball
2-0: 2-RUN HOME RUN (Flyball, 78D), Distance : 441 ft
Batting: RHB Eugene Bennett 0-0: Called Strike
0-1: Foul Ball, location: 2F
0-2: Strikes out swinging
Batting: RHB Juan Chávez 0-0: Ball
1-0: SINGLE (Line Drive, 78M)
Batting: LHB Kai-ge Choe 0-0: Ball
1-0: Called Strike
1-1: Foul Ball, location: 2F
1-2: Ball
2-2: Ball
3-2: Ground out 6-3 (Groundball, 56)
Bottom of the 8th over - 2 runs, 3 hits, 0 errors, 1 left on base; Quebec City 1 - Houston 9
TOP OF THE 9TH
Quebec City Les Bleus batting - Pitching for Houston 1837 BBC : RHP Martín Valverde
Batting: RHB Tevin McTevin 0-0: Ball
1-0: Swinging Strike
1-1: Foul Ball, location: 2F
1-2: Ball
2-2: Strikes out swinging
Pinch Hitting: RHB Kameron Guangorena 0-0: Swinging Strike
0-1: Ball
1-1: Fly out, F7 (Flyball, 7D)
Batting: RHB Stan Pagnotta 0-0: Fly out, F8 (Flyball, 8RS)
Top of the 9th over - 0 runs, 0 hits, 0 errors, 0 left on base; Quebec City 1 - Houston 9
Friday, March 29th, 2019 - OOTP Baseball 18.8 Build 76